 Dungeon Crawl Stone Soup version 0.31-a0-1278-g11c5b68f87 (webtiles) character file.

Game seed: 1146303036187791046

9785 drugrobin the Bludgeoner (level 11, -11/82 HPs)
             Began as a Demigod Delver on Dec 17, 2023.
             Mangled by a white ugly thing (28 damage)
             ... on level 11 of the Dungeon.
             The game lasted 00:26:42 (8764 turns).

drugrobin the Bludgeoner (Demigod Delver)           Turns: 8764, Time: 00:26:42

Health: -11/82     AC: 12    Str: 25    XL:     11   Next: 7%
Magic:  14/14      EV: 10    Int: 12    God:
Gold:   682        SH:  0    Dex: 15    Spells: 10/10 levels left

rFire   . . .        a - +0 morningstar (heavy)
rCold   . . .        h - orb {light}
rNeg    . . .        x - +4 scale mail
rPois   +            p - +0 helmet
rElec   .            m - +0 cloak
rCorr   +            (no gloves)
SInv    .            (no boots)
Will    +....        j - amulet of regeneration
Stlth   +            e - ring of poison resistance
HPRegen 1.13/turn    S - ring of resist corrosion
MPRegen 0.14/turn

%: no passive effects
@: glowing
A: high MP 1, forlorn, divine attributes
a: no special abilities


You were on level 11 of the Dungeon.
You visited 1 branch of the dungeon, and saw 11 of its levels.

You collected 735 gold pieces.
You spent 53 gold pieces at shops.

Inventory:

Hand Weapons
 a - a +0 heavy morningstar (weapon)
 b - a +2 short sword of venom
 c - the +1 war axe of Hepeden {holy, rN+ Str+3}
   (You found it on level 3 of the Dungeon)

   Str+3:     It affects your strength (+3).
   rN+:       It protects you from negative energy.
 d - a +2 mace of protection
 J - the +6 war axe "Eghih" {heavy, Dex+2}
   (You found it on level 7 of the Dungeon)

   Dex+2:     It affects your dexterity (+2).
 L - a +0 morningstar
Missiles
 y - 19 poisoned darts
 F - 8 curare-tipped darts
 G - 8 boomerangs (quivered)
 N - 3 throwing nets
Armour
 h - an orb of light (worn)
 m - a +0 cloak (worn)
 p - a +0 helmet (worn)
 x - a +4 scale mail (worn)
 E - a +2 robe of cold resistance
 R - a +2 scale mail of fire resistance
Jewellery
 e - a ring of poison resistance (left hand)
 j - an amulet of regeneration (around neck)
 S - a ring of resist corrosion (right hand)
 U - a ring of fire
Wands
 g - a wand of digging (2)
 A - a wand of acid (20)
 H - a wand of flame (22)
 I - a wand of paralysis (10)
Scrolls
 l - 10 scrolls of teleportation {unknown}
 n - a scroll of brand weapon
 s - 3 scrolls of noise {unknown}
 t - 2 scrolls of enchant armour {unknown}
 u - 2 scrolls of revelation
 w - 6 scrolls of fog
 C - 6 scrolls of identify
 D - 3 scrolls of enchant weapon {unknown}
 K - 2 scrolls of torment {unknown}
 M - 3 scrolls of immolation {unknown}
 O - a scroll of amnesia {unknown}
 T - a scroll of blinking {unknown}
Potions
 f - 2 potions of haste
 i - 2 potions of ambrosia {unknown}
 k - a potion of cancellation {unknown}
 o - a potion of mutation {unknown}
 q - 3 potions of curing {unknown}
 r - 2 potions of heal wounds {unknown}
 v - 3 potions of enlightenment {unknown}
 z - 3 potions of attraction {unknown}
 B - 2 potions of lignification {unknown}
 P - a potion of might {unknown}
 Q - a potion of resistance {unknown}
 V - a potion of degeneration {unknown}


   Skills:
 + Level 3.3 Fighting
 - Level 16.0 Maces & Flails
 - Level 1.7 Dodging
 - Level 4.5 Stealth


You had 10 spell levels left.
You didn't know any spells.
Your spell library contained the following spells:

 Spells                   Type           Power      Damage    Failure   Level
 Apportation              Tloc           0%         N/A       63%         1
 Sting                    Tmut/Pois      0%         1d3       63%         1
 Summon Small Mammal      Summ           0%         N/A       63%         1
 Jinxbite                 Hex            0%         N/A       77%         2
 Poisonous Vapours        Pois/Air       0%         N/A       77%         2
 Static Discharge         Conj/Air       0%         3-3/arc   77%         2
 Call Canine Familiar     Summ           0%         N/A       94%         3
 Inner Flame              Hex/Fire       0%         N/A       94%         3
 Summon Guardian Golem    Hex/Summ       0%         N/A       94%         3
 Airstrike                Air            0%         2d(0-16)  100%        4
 Flame Wave               Conj/Fire      0%         2d4       100%        4
 Olgreb's Toxic Radiance  Pois           0%         N/A       100%        4
 Sticky Flame             Conj/Fire      0%         2d3       100%        4
 Summon Lightning Spire   Summ/Air       0%         N/A       100%        4
 Alistair's Intoxication  Tmut/Pois      0%         N/A       100%        5


Dungeon Overview and Level Annotations

Branches:
Dungeon (11/15)            Temple (0/1) D:6             Orc (0/2) D:10
   Lair: D:8-11

Shops:
D:4 *

Annotations:
D:3 exclusion: adder, Ijyb, Terence
D:4 exclusion: downstairs
D:6 1 runed translucent door, 2 transporters, Crazy Yiuf; RockinRobin's ghost, novice AtFi
D:10 exclusion: neqoxec
D:11 exclusion: upstairs


Innate Abilities, Weirdness & Mutations

You have an increased reservoir of magic. (+10% MP)
You shall have no god before yourself.
Your divine heritage dramatically boosts your attributes as you level up.


Message History

You see here a vampire mosquito corpse.
HP restored.
You now have 682 gold pieces (gained 22).
Found an escape hatch in the ceiling.
You see here the +8 quarterstaff of the Heavens {drain, SInv}.
Unknown command.
Unknown command.
You see here the +8 quarterstaff of the Heavens {drain, SInv}.
A white ugly thing comes into view.
The white ugly thing gurgles horribly!
Unknown command.
Okay, then.
Okay, then.
Press: ? - help, v - describe, . - travel
Here: a white ugly thing (haloed)
The floor.
Unknown command.
Unknown command.
You puncture the white ugly thing!
The white ugly thing is moderately wounded.
The white ugly thing gores you! The white ugly thing freezes you!!
Unknown command.
Unknown command.
Throw: 9 darts (curare)
Press: ? - help, Shift-Dir - straight line, f - white ugly thing
Aim: a white ugly thing (moderately wounded, haloed, 76% to hit)
You throw a curare-tipped dart.
The curare-tipped dart hits the white ugly thing.
The white ugly thing is poisoned.
The white ugly thing convulses.
The white ugly thing seems to slow down.
The white ugly thing is moderately wounded.
The white ugly thing gores you. The white ugly thing freezes you!
* * * LOW HITPOINT WARNING * * *
Unknown command.
Unknown command.
The white ugly thing attacks as it pursues you!
The white ugly thing gores you.
* * * LOW HITPOINT WARNING * * *
The white ugly thing freezes you!!
You die...

..# ..# #.# #.# #.#
#.####### #
#.(...... # #u# #
#@# # #.#.# # #.#.#
################.#.#
#...<............#.#
........##.#####.#.#
#.#####.##.# #.#.#
#.# #.##.# #.#.#
#.#####.##.#####.#)#


You could see a white ugly thing (very poisoned, slow).

Vanquished Creatures
  A two-headed ogre (D:8)
  A red devil (D:10)
  An ice devil (D:10)
  2 trolls (D:10)
  2 wraiths
  19 yaks
  2 wyverns
  2 steam dragons (D:8)
  3 vampire mosquitoes (D:11)
  A water moccasin (D:5)
  3 acid dragons
  3 sky beasts
  2 orc warriors (D:8)
  A black bear (D:6)
  2 ogres (D:5)
  3 centaurs (D:9)
  2 kobold brigands (D:10)
  8 bullfrogs
  2 gnoll sergeants
  3 scorpions (D:5)
  9 wights
  6 killer bees (D:11)
  2 howler monkeys
  A crimson imp (D:10)
  An iron imp (D:10)
  A hound (D:5)
  10 orc priests
  A jelly (D:5)
  2 gnoll boudas
  A sleepcap (D:7)
  Jessica (D:3)
  6 iguanas
  6 orc wizards
  Robin (D:2)
  17 gnolls
  7 adders
  A shadow imp (D:6)
  A white imp (D:8)
  3 ufetubi
  A dart slug (D:3)
  41 orcs
  7 endoplasms
  3 giant cockroaches
  11 goblins
  12 hobgoblins
  4 jackals (D:4)
  14 kobolds
  8 ball pythons
  3 bats
  2 frilled lizards
  A rat (D:3)
247 creatures vanquished.

Notes
Turn   | Place    | Note
-------+----------+-------------------------------------------
     0 | D:5      | drugrobin the Demigod Delver began the quest for the Orb.
     0 | D:5      | Reached XP level 1. HP: 18/18 MP: 3/3
    40 | D:5      | Noticed a scorpion
    62 | D:5      | Noticed an orc priest
    63 | D:5      | Noticed an iguana
    71 | D:5      | Reached skill level 2 in Maces & Flails
    72 | D:5      | Noticed an ogre
   363 | D:3      | Noticed an iguana
   364 | D:3      | Reached XP level 2. HP: 25/25 MP: 4/4
   749 | D:1      | Reached skill level 3 in Maces & Flails
  1396 | D:2      | Noticed Robin
  1403 | D:2      | Reached XP level 3. HP: 28/30 MP: 5/5
  1424 | D:2      | Killed Robin
  1935 | D:2      | Reached skill level 4 in Maces & Flails
  2049 | D:3      | Noticed Terence
  2212 | D:3      | Reached XP level 4. HP: 37/37 MP: 6/6
  2447 | D:3      | Noticed Ijyb
  2612 | D:3      | Identified the +1 war axe of Hepeden {holy, rN+ Str+3}
  2612 | D:3      | Noticed Jessica
  2620 | D:3      | Killed Jessica
  2994 | D:4      | Found Leshroi's General Store.
  2997 | D:4      | Bought 3 poisoned darts for 25 gold pieces
  2997 | D:4      | Bought a scroll of identify for 28 gold pieces
  3136 | D:4      | Reached skill level 5 in Maces & Flails
  3136 | D:4      | Reached XP level 5. HP: 32/42 MP: 7/7
  3358 | D:5      | Noticed an ogre
  3447 | D:4      | Reached skill level 6 in Maces & Flails
  3494 | D:5      | Reached XP level 6. HP: 50/50 MP: 8/8
  3669 | D:5      | Reached skill level 7 in Maces & Flails
  3707 | D:5      | Reached XP level 7. HP: 56/56 MP: 9/9
  3735 | D:5      | Reached skill level 8 in Maces & Flails
  4107 | D:6      | Found a runed translucent door.
  4108 | D:6      | Noticed Crazy Yiuf
  4139 | D:5      | Reached skill level 9 in Maces & Flails
  4291 | D:6      | Found a staircase to the Ecumenical Temple.
  4317 | D:6      | Noticed RockinRobin's ghost (novice AtFi)
  4324 | D:6      | Found a transporter.
  4340 | D:6      | Reached XP level 8. HP: 62/62 MP: 10/10
  4345 | D:6      | Found a transporter.
  4680 | D:6      | Reached skill level 10 in Maces & Flails
  5312 | D:7      | Reached skill level 11 in Maces & Flails
  5677 | D:7      | Identified the +6 war axe "Eghih" {heavy, Dex+2}
  5840 | D:8      | Reached XP level 9. HP: 55/68 MP: 11/11
  5957 | D:8      | Reached skill level 12 in Maces & Flails
  6009 | D:7      | Reached skill level 13 in Maces & Flails
  6278 | D:8      | Reached XP level 10. HP: 74/74 MP: 13/13
  6446 | D:8      | Reached skill level 14 in Maces & Flails
  6695 | D:8      | Noticed a two-headed ogre
  6733 | D:8      | Killed a two-headed ogre
  7607 | D:9      | Reached skill level 15 in Maces & Flails
  7861 | D:10     | Entered Level 10 of the Dungeon
  8133 | D:10     | Found a staircase to the Orcish Mines.
  8629 | D:11     | Reached XP level 11. HP: 79/81 MP: 14/14
  8698 | D:11     | Reached skill level 16 in Maces & Flails
  8748 | D:11     | Identified the +8 quarterstaff of the Heavens {drain, SInv}
  8764 | D:11     | Mangled by a white ugly thing

Illustrated notes

Levels and vault maps discovered:
D:1:      dpeg_arrival_refuge, layout_loops_ring
D:2:      layout_loops_corners, hangedman_decor_growths, serial_bayou_lagoon_a,
          uniq_robin
D:3:      layout_loops_cross, uniq_jessica, uniq_terence, uniq_ijyb
D:4:      layout_gridville, fedhas_altar_3, serial_shops, kennysheep_mini_moat
D:5:      layout_basic, nicolae_wormholes
D:6:      layout_rooms, temple_fountains, gammafunk_ghost_stat_death,
          grunt_ministairs_3, uniq_crazy_yiuf_cottage
D:7:      layout_loops_corners, lemuel_tele_altar, minmay_misc_feat_cross
D:8:      argonaut_augean_stables, layout_basic,
          nicolae_gozag_cash_rules_everything_around_me, minmay_joined_circles
D:9:      layout_basic
D:10:     layout_long_grid, okawaru_trees_1, nicolae_overflow_two_pavilions,
          orc_0_dummy, serial_glass, glass_columns_b, glass_columns_a,
          nicolae_demonic_statue_gallery
D:11:     layout_loops_ring, erik_lair_orcish_takeover, uniq_fannar

Skill      XL: |  1  2  3  4  5  6  7  8  9 10 11 |
---------------+----------------------------------+-----
Maces & Flails | 2 3 4 5 6 7 9 11 13 15 16 | 16.0
Fighting       | 3 |  3.3
Dodging        | |  1.7
Stealth        | |  4.5

Action                     |  1- 3 |  4- 6 |  7- 9 | 10-12 || total
---------------------------+-------+-------+-------+-------++-------
  Melee: Mace              |   137 |   106 |    18 |    33 ||   294
         Punch             |       |     2 |       |       ||     2
         Morningstar       |       |    29 |   153 |   148 ||   330
         Short sword       |       |       |    12 |       ||    12
         War axe           |       |       |       |    28 ||    28
  Throw: Dart              |       |     7 |     2 |    10 ||    19
         Boomerang         |       |       |     2 |    12 ||    14
  Evoke: Wand              |     1 |       |       |       ||     1
    Use: Scroll            |     2 |     2 |       |       ||     4
   Stab: Sleeping          |    13 |     2 |       |       ||    15
 Armour: Leather armour    |    84 |     4 |       |       ||    88
         Scale mail        |       |   111 |   139 |   190 ||   440
  Dodge: Dodged            |   113 |    71 |   115 |   128 ||   427

Table legend: (Time is in decaauts)
 A = Elapsed time spent in this place.
 B = Non-inter-level travel time spent in this place.
 C = Inter-level travel time spent in this place.
 D = Time resting spent in this place.
 E = Time spent auto-exploring this place.
 F = Levels seen in this place.
 G = Mean time per level.
                   A        B        C        D        E       F      G
               +--------+--------+--------+--------+--------+-----+--------+
         Total |   8937 |   8423 |    514 |    361 |   5224 |  11 |  812.5 |
       Dungeon |   8937 |   8423 |    514 |    361 |   5224 |  11 |  812.5 |
               +--------+--------+--------+--------+--------+-----+--------+

Top non-repeatable levels by time:
     D:8: 1282 daAuts
     D:7: 1048 daAuts
     D:2: 1030 daAuts
     D:3: 989 daAuts
     D:5: 883 daAuts
     D:9: 797 daAuts
     D:1: 742 daAuts
    D:10: 740 daAuts
     D:6: 655 daAuts
     D:4: 599 daAuts
    D:11: 168 daAuts
